 Dungeon Crawl Stone Soup version 0.28-a0-245-g639a1a48b9 (webtiles) character file.

Game seed: 17434983690654399868

10016 PentaManta the Grappler (level 11, -3/99 HPs)
             Began as a Ghoul Abyssal Knight on Aug 25, 2021.
             Was an Elder of Lugonu.
             Splashed by a kobold's acid (13 damage)
             ... on level 5 of the Dungeon.
             The game lasted 00:31:16 (12139 turns).

PentaManta the Grappler (Ghoul Abyssal Knight)     Turns: 12139, Time: 00:31:19

Health: -3/99      AC: 12    Str: 20    XL:     11   Next: 55%
Magic:  16/16      EV:  8    Int:  7    God:    Lugonu [****..]
Gold:   381        SH:  4    Dex:  8    Spells: 10/10 levels left

rFire   . . .      SeeInvis .     - Unarmed
rCold   + . .      Faith    .   s - +0 buckler
rNeg    + + +      Spirit   .   j - +0 chain mail
rPois   ∞          Reflect  .   (no helmet)
rElec   .          Harm     .   (no cloak)
rCorr   .          Rampage  .   (no gloves)
Will    .....                   o - +0 pair of boots
Stlth   ..........              (no amulet)
HPRegen 0.00/turn               n - +4 ring of protection
MPRegen 0.15/turn               x - +4 ring of protection

@: corroded, inhibited regen
A: claws 1, cold resistance 1, negative energy resistance 3, inhibited
regeneration, torment resistance 2
a: Renounce Religion, Depart the Abyss, Bend Space, Banish, Corrupt


You were on level 5 of the Dungeon.
You worshipped Lugonu.
Lugonu was greatly pleased with you.
You visited 2 branches of the dungeon, and saw 12 of its levels.
You visited the Abyss 1 time.

You collected 603 gold pieces.
You spent 222 gold pieces at shops.

Inventory:

Missiles
 g - 66 poisoned darts
 h - 18 boomerangs
 i - a throwing net
 C - 2 javelins
Armour
 j - a +0 chain mail (worn)
 k - a +2 ring mail of willpower
 o - a +0 pair of boots (worn)
 s - a +0 buckler (worn)
 u - a +0 plate armour
 A - a +2 pair of gloves
 B - a +0 troll leather armour
 D - a +2 robe of resistance
Jewellery
 n - a +4 ring of protection (left claw)
 q - a ring of ice
 r - a ring of protection from fire
 x - a +4 ring of protection (right claw)
Wands
 f - a wand of iceblast (2) (quivered)
Scrolls
 a - a scroll of enchant weapon
 e - 4 scrolls of teleportation
 m - a scroll of acquirement
 t - 2 scrolls of identify
 w - 2 scrolls of enchant armour
 y - a scroll of magic mapping
 z - a scroll of torment
Potions
 b - a potion of haste
 c - a potion of invisibility
 d - a potion of cancellation
 l - 3 potions of ambrosia
 p - 4 potions of curing
 v - a potion of attraction


   Skills:
 + Level 10.0 Fighting
 + Level 8.4 Armour
 - Level 0.8 Dodging
 - Level 4.0 Shields
 + Level 10.9 Unarmed Combat
 - Level 8.0 Invocations


You had 10 spell levels left.
You didn't know any spells.
Your spell library contained the following spells:

 Spells                   Type           Power      Damage    Failure   Level
 Freeze                   Ice            0%         1d3       98%         1
 Summon Small Mammal      Summ           0%         N/A       98%         1
 Ensorcelled Hibernation  Hex/Ice        0%         N/A       99%         2
 Call Canine Familiar     Summ           0%         N/A       100%        3
 Frozen Ramparts          Ice            0%         1d2       100%        3
 Stone Arrow              Conj/Erth      0%         3d7       100%        3
 Summon Guardian Golem    Hex/Summ       0%         N/A       100%        3
 Hailstorm                Conj/Ice       0%         3d3       100%        4
 Leda's Liquefaction      Hex/Erth       0%         N/A       100%        4
 Summon Ice Beast         Ice/Summ       0%         N/A       100%        4
 Bolt of Magma            Conj/Fire/Erth 0%         4d4       100%        5
 Summon Mana Viper        Hex/Summ       0%         N/A       100%        5
 Shadow Creatures         Summ           N/A        N/A       100%        6
 Monstrous Menagerie      Summ           0%         N/A       100%        7
 Shatter                  Erth           0%         3d5*      100%        9
 Spider Form              Tmut/Pois      Unusable   N/A       N/A         3
 Statue Form              Tmut/Erth      Unusable   N/A       N/A         6

Dungeon Overview and Level Annotations

Branches:
Dungeon (11/15)            Temple (1/1) D:5            Lair (0/6) D:8
    Orc (0/2) D:10

Altars:
Cheibriados
Fedhas
Makhleb
Okawaru
Qazlal
Xom
The Shining One

Shops:
D:1 *   D:3 [   D:4 =   D:8 (?(:

Annotations:
D:6 exclusions: 2 electric eels and 9 more exclusions
D:10 1 runed translucent door, Fama's ghost, novice MiFi
Abyss:1 Sonja


Innate Abilities, Weirdness & Mutations

You thrive by killing the living.
You are immune to poison.
You have sharp fingernails.
Your flesh is cold resistant. (rC+)
You are immune to negative energy. (rN+++)
You do not regenerate when monsters are visible.
You are immune to unholy pain and torment.


Message History

Conn's ghost is moderately damaged.
The iceblast engulfs the kobold!
You kill the kobold!
Lugonu accepts your kill. Conn's ghost closely misses you.
You claw Conn's ghost!
Conn's ghost is severely damaged.
You scratch Conn's ghost.
Conn's ghost is severely damaged.
Conn's ghost hits you.
You closely miss Conn's ghost.
Conn's ghost is severely damaged.
Conn's ghost hits you.
You claw Conn's ghost!
Conn's ghost is almost destroyed.
Conn's ghost closely misses you.
You closely miss Conn's ghost.
Conn's ghost is almost destroyed.
Conn's ghost hits you but does no damage.
You claw Conn's ghost!
You destroy Conn's ghost!
Lugonu accepts your kill.
The kobold zaps a wand.
The bolt of acid misses the kobold.
The bolt of acid hits the kobold!
The kobold is splashed with acid.
The acid corrodes the kobold!
The kobold dies!
The bolt of acid hits you!! The acid corrodes you!
You are splashed with acid!
* * * LOW HITPOINT WARNING * * *
Your Fighting skill increases to level 10!
Press: ? - help, v - describe, . - travel, g - get item
Here: a kobold, wielding a +0 whip and carrying a wand of acid (4)
Items here: a +2 whip of distortion; a kobold corpse.
The floor.
The kobold zaps a wand.
The bolt of acid hits the kobold!
The kobold is splashed with acid.
The acid corrodes the kobold!
The kobold dies!
The bolt of acid hits you.
* * * LOW HITPOINT WARNING * * *
You are splashed with acid!
You die...

#.......###...................
#........##...................
###..##...)..............##...
#...#.......................
#...#.........###.#.........
##....#....#### ###.........
#....#....## ####..........
##...##....###.#......#....
#####....@).)K).#...##....
##.......#####..........
#.......##.⌠.##.##......
###....##.#.#K#)##...###
#.##.#...#..KK.#.###
######$.....).....#
#...#..'..#..# ##.#.#.#.#####
##.⌠.##.#


You could see a kobold.

Vanquished Creatures
  Josephine (D:9)
  4 two-headed ogres
  The ghost of Conn the Firebug, a novice OpFE (D:5)
  A komodo dragon (D:8)
  A troll (D:10)
  5 yaks (D:9)
  4 wraiths
  A steam dragon (D:7)
  An acid dragon (D:8)
  A sky beast (D:4)
  A swamp drake (D:10)
  5 orc warriors
  A black bear (D:3)
  5 ice beasts
  An ogre (D:7)
  4 centaurs
  A kobold brigand (D:5)
  A bullfrog (D:7)
  A wyvern zombie (D:6)
  A gnoll sergeant (D:7)
  3 scorpions
  2 wyvern skeletons
  5 killer bees (D:10)
  A howler monkey (D:5)
  3 wights (D:6)
  6 centaur zombies
  7 bullfrog zombies
  A gnoll shaman (D:4)
  A hound (D:5)
  A bullfrog skeleton (D:6)
  8 orc priests
  Terence (D:3)
  4 iguanas
  A scorpion zombie (D:5)
  Ijyb (D:5)
  3 orc wizards
  2 killer bee zombies (D:6)
  A hound zombie (D:5)
  3 howler monkey zombies (D:6)
  12 gnolls
  5 adders
  A howler monkey skeleton (D:6)
  A shadow imp (D:5)
  A white imp (D:7)
  3 worms
  3 dart slugs
  26 orcs
  A ball python (D:4)
  6 bats
  10 endoplasms
  5 giant cockroaches
  3 goblins
  10 hobgoblins
  4 jackals
  5 kobolds
  7 quokkas
  4 frilled lizards
  5 rats
207 creatures vanquished.

Vanquished Creatures (others)
  5 kobolds (D:5)
  6 plants (D:8)
  A withered plant (D:6)
12 creatures vanquished.

Grand Total: 219 creatures vanquished

Notes
Turn   | Place    | Note
-------+----------+-------------------------------------------
     0 | Abyss:1  | PentaManta the Ghoul Abyssal Knight began the quest for the
                  | Orb.
     0 | Abyss:1  | Reached XP level 1. HP: 19/19 MP: 1/1
    50 | Abyss:3  | Found a corrupted altar of Lugonu.
    54 | Abyss:3  | Noticed a ynoxinul
    63 | D:1      | Escaped the Abyss
   296 | D:1      | Reached XP level 2. HP: 26/26 MP: 2/2
   403 | D:1      | Reached * piety under Lugonu
   420 | D:1      | Found a faded altar of an unknown god.
   628 | D:1      | Reached XP level 3. HP: 31/31 MP: 3/3
   732 | D:1      | Found Cieseced's General Store.
  1305 | D:2      | Reached XP level 4. HP: 32/38 MP: 4/4
  2023 | D:3      | Found Lioguj's Armour Shop.
  2058 | D:3      | Reached skill level 5 in Unarmed Combat
  2142 | D:3      | Noticed Terence
  2159 | D:3      | Killed Terence
  2161 | D:3      | Noticed a black bear
  2191 | D:2      | Reached XP level 5. HP: 20/45 MP: 5/5
  2499 | D:3      | Killed a black bear
  2500 | D:3      | Reached XP level 6. HP: 51/51 MP: 6/6
  2562 | D:3      | Reached ** piety under Lugonu
  3579 | D:4      | Identified a scroll of acquirement
  3864 | D:5      | Entered Level 5 of the Dungeon
  3864 | D:5      | Noticed Ijyb
  4121 | D:4      | Reached XP level 7. HP: 57/57 MP: 7/7
  4234 | D:4      | Found Muofiq's Jewellery Boutique.
  4368 | D:4      | Found a burning altar of Makhleb.
  4376 | D:4      | Found a blossoming altar of Fedhas.
  4376 | D:4      | Found an iron altar of Okawaru.
  4391 | D:4      | Found a shimmering altar of Xom.
  4394 | D:4      | Found a snail-covered altar of Cheibriados.
  5031 | D:5      | Reached *** piety under Lugonu
  5082 | D:5      | Killed Ijyb
  5125 | D:5      | Found a runed translucent gate.
  5125 | D:5      | Found a runed translucent gate.
  5125 | D:5      | Found a runed translucent gate.
  5135 | D:5      | Noticed Conn's ghost (novice OpFE)
  5202 | D:5      | Reached XP level 8. HP: 51/63 MP: 8/8
  5276 | D:5      | Found a staircase to the Ecumenical Temple.
  5310 | Temple   | Entered the Ecumenical Temple
  5962 | D:6      | Reached skill level 5 in Invocations
  6261 | D:6      | Reached skill level 5 in Fighting
  6384 | D:6      | Reached XP level 9. HP: 67/74 MP: 12/12
  7193 | D:7      | Noticed a two-headed ogre
  7204 | D:7      | Killed a two-headed ogre
  7205 | D:7      | Reached skill level 5 in Armour
  7292 | D:7      | Reached XP level 10. HP: 86/86 MP: 15/15
  7337 | D:7      | Reached **** piety under Lugonu
  8369 | D:8      | Found a staircase to the Lair.
  8390 | D:8      | Reached skill level 1 in Shields
  8390 | D:8      | Reached skill level 10 in Unarmed Combat
  8601 | D:8      | Found Ecof's Weapon Shop.
  8601 | D:8      | Found Icwidink's Antique Weapon Shop.
  8613 | D:8      | Found Roemock's Book Shop.
  8615 | D:8      | Found Aggou's Magic Scroll Shop.
  8637 | D:8      | Bought a scroll of magic mapping for 42 gold pieces
  8637 | D:8      | Bought a scroll of enchant armour for 90 gold pieces
  8637 | D:8      | Bought a scroll of torment for 90 gold pieces
  9371 | D:9      | You fall into a shaft and drop 1 floor!
  9371 | D:10     | Entered Level 10 of the Dungeon
  9518 | D:10     | Noticed Sonja
  9519 | D:10     | Banished Sonja
 10022 | D:9      | Noticed a two-headed ogre
 10039 | D:9      | Killed a two-headed ogre
 10238 | D:9      | Found a stormy altar of Qazlal.
 10389 | D:9      | Reached XP level 11. HP: 28/95 MP: 16/16
 10962 | D:10     | Noticed Josephine
 11010 | D:9      | Killed Josephine
 11200 | D:10     | Noticed a two-headed ogre
 11216 | D:10     | Killed a two-headed ogre
 11363 | D:10     | Found a runed translucent door.
 11364 | D:10     | Noticed a fire giant
 11364 | D:10     | Noticed Fama's ghost (novice MiFi)
 11551 | D:10     | Found a staircase to the Orcish Mines.
 11576 | D:10     | Noticed a two-headed ogre
 11599 | D:10     | Killed a two-headed ogre
 12137 | D:5      | Killed Conn's ghost
 12138 | D:5      | Reached skill level 10 in Fighting
 12139 | D:5      | Splashed by a kobold's acid

Illustrated notes

Levels and vault maps discovered:
D:1:      sevenhm_arrival_forest_fort_large_4, layout_loops_ring,
          basic_ecumenical_altar, serial_shops, shop
D:2:      minmay_door_path, layout_basic
D:3:      layout_loops_cross, serial_shops, nicolae_shop_crystal,
          gup_sewer_entry_spiral, kennysheep_generic_room_15, uniq_terence
D:4:      layout_loops_corners, minmay_overflow_temple_star_hex, serial_shops,
          nicolae_shop_waterfront
D:5:      layout_cave_pools, temple_doors_cd, gammafunk_ghost_nasty_kobolds,
          uniq_ijyb
D:6:      layout_gridville, mainiacjoe_overflow_alcove_2, serial_undead,
          serial_undead_c, serial_undead_b, serial_undead_f, serial_undead_a,
          serial_undead_e, serial_undead_c, serial_undead_d, serial_undead_f,
          minmay_fractal_squares_gapless_5
D:7:      layout_basic
D:8:      layout_basic, david_lair_shrubbed, minmay_shop_grid_forest
D:9:      layout_loops_ring, mainiacjoe_overflow_alcove_4
D:10:     layout_gridville, nicolae_overflow_hidden_temple, erik_orc_1,
          ebering_ghost_inner_flame, uniq_sonja, uniq_josephine
D:11:     layout_loops_cross
Temple:   nicolae_temple_figure_eight

Skill      XL: |  1  2  3  4  5  6  7  8  9 10 11 |
---------------+----------------------------------+-----
Unarmed Combat | 3 4 5 6 8 9 10 | 10.9
Armour         | 2 3 5 7 8 |  8.4
Invocations    | 6 8 |  8.0
Fighting       | 5 7 8 10 | 10.0
Shields        | 4 |  4.0
Dodging        | |  0.8

Action                   |  1- 3 |  4- 6 |  7- 9 | 10-12 || total
-------------------------+-------+-------+-------+-------++-------
Melee: Unarmed           |    94 |   193 |   269 |   290 ||   846
       Punch             |     1 |     6 |     9 |    12 ||    28
Throw: Boomerang         |       |     6 |     4 |     5 ||    15
       Dart              |       |       |       |     3 ||     3
       Throwing net      |       |       |       |     1 ||     1
Invok: Depart the Abyss  |     1 |       |       |       ||     1
       Bend Space        |       |       |     1 |     2 ||     3
       Banish            |       |       |       |     1 ||     1
Evoke: Wand              |     2 |     3 |     6 |    16 ||    27
  Use: Scroll            |       |     9 |     3 |     4 ||    16
       Potion            |       |     2 |       |       ||     2
 Stab: Paralysed         |     4 |    15 |       |     5 ||    24
Armor: Leather armour    |    26 |    20 |       |       ||    46
       Ring mail         |       |    30 |    33 |       ||    63
       Chain mail        |       |       |   116 |   187 ||   303
Dodge: Dodged            |    64 |    98 |   117 |   122 ||   401
Block: Buckler           |       |       |       |     3 ||     3

Table legend: (Time is in decaauts)
 A = Elapsed time spent in this place.
 B = Non-inter-level travel time spent in this place.
 C = Inter-level travel time spent in this place.
 D = Time resting spent in this place.
 E = Time spent auto-exploring this place.
 F = Levels seen in this place.
 G = Mean time per level.
                   A        B        C        D        E       F      G
               +--------+--------+--------+--------+--------+-----+--------+
         Total |  12091 |  11573 |    518 |   2674 |   6212 |  15 |  806.1 |
       Dungeon |  12024 |  11506 |    518 |   2674 |   6212 |  11 | 1093.1 |
        Temple |      1 |      1 |      0 |      0 |      0 |   1 |    1.0 |
         Abyss |     64 |     64 |      0 |      0 |      0 |   3 |   21.3 |
               +--------+--------+--------+--------+--------+-----+--------+

Top non-repeatable levels by time:
     D:6: 1829 daAuts
     D:4: 1369 daAuts
     D:3: 1365 daAuts
    D:10: 1279 daAuts
     D:2: 1274 daAuts
     D:9: 1251 daAuts
     D:8: 983 daAuts
     D:7: 870 daAuts
     D:1: 861 daAuts
     D:5: 736 daAuts
    D:11: 204 daAuts
 Abyss:1: 29 daAuts
 Abyss:2: 22 daAuts
 Abyss:3: 12 daAuts
  Temple: 1 daAuts
